Map: Augustine Fall LE

Players

Piotrasek

  • Race: Terran Terran
  • Spawn Location: 12:00

NelsoN

  • Race: Zerg Zerg
  • League: Silver
  • Spawn Location: 11:00

Bubasetti

  • Race: Protoss Protoss
  • League: Gold
  • Spawn Location: 12:00

Arthas - Winner!

  • Race: Protoss Protoss
  • Spawn Location: 6:00

Duffman - Winner!

  • Race: Terran Terran
  • Spawn Location: 6:00

Ivadios - Winner!

  • Race: Terran Terran
  • League: Bronze
  • Spawn Location: 5:00

VOD

Have the link to the VOD?

Description

Time

  • Played on: June 5, 2020, 2:18 p.m.
  • Length: 5:32
Show
View Real Time Build Order
Export as new Build Order

Piotrasek Terran 

Build Orders:  

Get SALT Encoding   

  12  0:01  SCV  
  13  0:13  SCV  
  14  0:26  Refinery  
  14  0:30  Supply Depot  
  14  0:33  SCV  
  15  0:52  SCV  
  15  0:54  Barracks  
  16  1:14  SCV  
  17  1:24  Supply Depot  
  17  1:39  Supply Depot  
  17  2:01  Marine  
  18  2:10  Refinery  
  18  2:12  Supply Depot  
  18  2:19  Marine  
  19  2:27  Factory  
  19  2:37  Marine  
  20  2:57  Marine  
  21  3:14  Factory Tech Lab  
  21  3:15  Marine  
  21  3:18  Starport  
  19  3:33  Marine  
  21  3:34  Siege Tank  
  19  3:48  Supply Depot  
  19  3:58  Supply Depot  
  17  4:07  Starport Tech Lab  
  17  4:18  Barracks  
Show
View Real Time Build Order
Export as new Build Order

NelsoN Zerg 

Build Orders: Hatch First 

Get SALT Encoding   

  12  0:01  Drone  
  13  0:16  Overlord  
  13  0:27  Drone  
  14  0:35  Drone x2  
  16  0:38  Drone  
  17  1:02  Hatchery  
  16  1:14  Spawning Pool  
  15  1:30  Extractor  
  14  1:58  Drone x3  
  17  2:10  Zergling x2  
  18  2:16  Zergling x2  
  18  2:47  Zergling x8  
  17  3:13  Extractor, Zergling x4  
  17  3:14  Zergling x8  
  22  3:31  Roach Warren  
  16  3:53  Zergling x4  
  16  3:54  Zergling x8  
Show
View Real Time Build Order
Export as new Build Order

Bubasetti Protoss 

Build Orders:  

Get SALT Encoding   

  12  0:01  Probe (Chrono Boost)  
  13  0:10  Probe (Chrono Boost)  
  14  0:23  Pylon  
  14  0:25  Probe  
  15  0:41  Probe  
  16  0:43  Forge  
  16  0:50  Gateway  
  16  0:54  Probe  
  17  1:39  Pylon  
  17  1:49  Cybernetics Core  
  17  1:57  Pylon  
  17  2:21  Assimilator  
  17  2:28  Nexus  
  16  2:38  Zealot  
  16  2:40  Probe (Chrono Boost)  
  20  2:52  Probe (Chrono Boost)  
  20  2:57  Probe (Chrono Boost)  
  21  3:05  Gateway  
  21  3:06  Probe  
  21  3:07  Gateway  
  22  3:13  Assimilator  
  22  3:23  Pylon  
  22  3:25  Pylon  
  22  3:40  Adept, Warp Gate (Chrono Boost)  
  24  3:51  Probe  
  24  3:55  Pylon  
  25  3:58  Adept x2  
  29  4:03  Probe  
  30  4:10  Adept  
  32  4:15  Probe  
  33  4:28  Probe  
Show
View Real Time Build Order
Export as new Build Order

Arthas Protoss - Winner!

Build Orders:  

Get SALT Encoding   

  12  0:01  Probe  
  13  0:13  Probe  
  14  0:17  Pylon  
  14  0:29  Probe (Chrono Boost)  
  15  0:37  Forge  
  15  0:40  Probe (Chrono Boost)  
  16  0:45  Probe (Chrono Boost)  
  17  0:54  Pylon  
  17  0:57  Probe  
  18  1:49  Photon Cannon  
  18  2:26  Pylon  
  18  2:35  Pylon  
  17  2:51  Photon Cannon  
  17  2:54  Probe (Chrono Boost)  
  17  2:57  Assimilator  
  18  2:58  Gateway  
  18  3:02  Assimilator  
  18  3:04  Probe (Chrono Boost)  
  19  3:09  Probe (Chrono Boost)  
  20  3:20  Probe (Chrono Boost)  
  21  3:27  Pylon  
  21  3:32  Probe (Chrono Boost)  
  22  3:41  Probe (Chrono Boost)  
  23  3:47  Photon Cannon  
  23  3:56  Cybernetics Core  
  23  4:09  Photon Cannon  
  23  4:10  Photon Cannon  
Show
View Real Time Build Order
Export as new Build Order

Duffman Terran - Winner!

Build Orders:  

Get SALT Encoding   

  12  0:01  SCV  
  13  0:13  SCV  
  14  0:22  Supply Depot  
  14  0:29  SCV  
  15  0:46  Barracks  
  15  0:48  Barracks  
  15  0:57  Supply Depot  
  15  1:10  Barracks  
  15  1:21  Barracks  
  15  1:33  Marine  
  15  1:35  Marine  
  17  1:51  Marine  
  17  1:53  Marine  
  19  2:09  Marine  
  19  2:10  Marine  
  21  2:24  Marine x2  
  21  2:26  Marine  
  21  2:28  Marine  
  25  2:41  Orbital Command  
  25  2:42  Marine x2  
  27  2:44  Marine  
  27  2:46  Marine  
  27  2:48  Supply Depot  
  29  3:00  Marine x2  
  31  3:09  Marine x2  
  33  3:17  Marine  
  33  3:18  Marine  
  34  3:27  Marine x2  
  35  3:35  Marine x2  
  37  3:45  Marine x2  
  38  3:53  Marine x2  
  36  4:03  Marine x2  
  36  4:08  Supply Depot  
  38  4:11  Marine  
  38  4:15  Marine  
  40  4:20  Marine x2  
  42  4:29  Marine  
  42  4:32  Marine  
  42  4:38  Marine x2  
Show
View Real Time Build Order
Export as new Build Order

Ivadios Terran - Winner!

Build Orders:  

Get SALT Encoding   

  12  0:27  Supply Depot  
  12  0:39  Refinery  
  12  0:48  SCV  
  13  0:58  Barracks  
  13  1:00  SCV  
  14  1:12  SCV  
  15  1:45  Supply Depot  
  15  2:02  Barracks Tech Lab  
  15  2:15  Barracks  
  15  2:21  SCV  
  16  2:33  SCV  
  17  2:45  SCV, Marine  
  17  2:49  Stimpack  
  19  2:58  SCV  
  20  3:02  Barracks  
  20  3:03  Marine  
  21  3:06  Barracks Reactor  
  21  3:10  SCV  
  22  3:21  Marine  
  23  3:39  Marine  
  24  3:47  Marine x2  
  26  3:50  Barracks  
  26  3:51  Barracks Reactor  
  26  3:56  Marine  
  27  4:04  Marine  
  27  4:05  Marine  
  29  4:14  Marine  
  30  4:22  Marine  
  30  4:39  Barracks  
  30  5:27  Barracks  
Tags
 
Add a new tag
Caveats
  • Supply blocks, unpowered buildings, or Contaminate may cause inaccurate times.
  • Supply counts are checked every 10 seconds.